 Dungeon Crawl Stone Soup version 0.32-a0-747-gc8563f6773 (webtiles) character file.

Game seed: 16967635045319202120

891 Berder the Firebug (level 8, -1/62 HPs)
             Began as a Naga Fire Elementalist on Mar 17, 2024.
             Slain by a wight
             ... wielding a +4 flail of freezing
              (9 damage)
             ... on level 6 of the Dungeon.
             The game lasted 00:20:24 (5432 turns).

Berder the Firebug (Naga Fire Elementalist)         Turns: 5432, Time: 00:20:24

Health: -1/62      AC:  5    Str: 12    XL:     8   Next: 6%
Magic:  0/14       EV:  9    Int: 17    God:
Gold:   150        SH:  0    Dex: 11    Spells: 8/15 levels left

rFire   . . .        b - +0 sling
rCold   . . .        (no shield)
rNeg    + . .        g - +0 robe
rPois   +            (no helmet)
rElec   .            (no cloak)
rCorr   .            m - +1 pair of gloves
SInv    +            (no barding)
Will    +....        (no amulet)
Stlth   ++           k - ring of positive energy
HPRegen 0.30/turn    (no ring)
MPRegen 0.14/turn

%: no passive effects
@: very slow
A: AC +2, large, see invisible, deformed body, poison resistance, slowness 2,
spit poison 1, naga tail 1
a: Spit Poison


You were on level 6 of the Dungeon.
You visited 2 branches of the dungeon, and saw 8 of its levels.
You also visited: Sewer.

You collected 150 gold pieces.

Inventory:

Hand Weapons
 a - a +1 dagger of draining
 b - a +0 sling (weapon)
 f - a +0 spear
 y - a +0 great sword
 F - a +0 falchion
Missiles
 B - a throwing net
Armour
 e - an orb of mayhem
 g - a +0 robe (worn)
 m - a +1 pair of gloves (worn)
 o - an orb of guile
Jewellery
 k - a ring of positive energy (left hand)
Wands
 q - a wand of polymorph (6)
Scrolls
 d - 2 scrolls of enchant armour
 h - 2 scrolls of amnesia {unknown}
 j - a scroll of teleportation
 r - a scroll of silence
 s - a scroll of butterflies
 w - a scroll of fear {unknown}
 x - 3 scrolls of fog {unknown}
 A - 2 scrolls of noise {unknown}
 C - a scroll of torment {unknown}
 E - a scroll of enchant weapon {unknown}
Potions
 c - 5 potions of curing
 i - 2 potions of heal wounds {unknown}
 l - a potion of magic
 n - a potion of invisibility {unknown}
 p - 2 potions of attraction {unknown}
 t - 2 potions of berserk rage {unknown}
 u - a potion of might {unknown}
 v - a potion of haste
 z - a potion of cancellation {unknown}
 D - a potion of enlightenment {unknown}
 G - a potion of lignification {unknown}


   Skills:
 - Level 1.7 Dodging
 - Level 3.3 Stealth
 + Level 4.4 Spellcasting
 + Level 5.7 Conjurations
 + Level 5.7 Fire Magic


You had 8 spell levels left.
You knew the following spells:

 Your Spells              Type           Power      Damage    Failure   Level
a - Foxfire               Conj/Fire      92%        2x1d8     1%          1
b - Scorch                Fire           46%        2d6       2%          2
c - Flame Wave            Conj/Fire      23%        2d8       14%         4

Your spell library contained the following spells:

 Spells                   Type           Power      Damage    Failure   Level
 Magic Dart               Conj           92%        1d7       1%          1
 Hailstorm                Conj/Ice       13%        3d6       14%         3
 Inner Flame              Hex/Fire       13%        N/A       14%         3
 Volatile Blastmotes      Fire/Tloc      26%        2d12      14%         3
 Freeze                   Ice            12%        1d3       16%         1
 Blink                    Tloc           6%         N/A       22%         2
 Call Imp                 Summ           6%         N/A       22%         2
 Jinxbite                 Hex            6%         N/A       22%         2
 Frozen Ramparts          Ice            6%         1d1       41%         3
 Ignite Poison            Fire/Alch      13%        N/A       43%         4
 Sticky Flame             Fire/Alch      13%        2d5       43%         4
 Yara's Violent Unravell  Hex/Alch       1%         3d3       99%         5
 Enfeeble                 Hex            1%         N/A       100%        7
 Ignition                 Fire           11%        3d5       100%        8


Dungeon Overview and Level Annotations

Branches:
Dungeon (7/15)             Temple (1/1) D:4           Sewer (visited)

Altars:
Dithmenos
Fedhas
Kikubaaqudgha
Makhleb
Nemelex Xobeh
Okawaru
Qazlal
Ru
Sif Muna
Trog
Wu Jian
Yredelemnul

Annotations:
D:4 2 runed translucent doors, senf's ghost, amateur DsGl


Innate Abilities, Weirdness & Mutations

Your serpentine skin is tough. (AC +2)
You have supernaturally acute eyesight. (SInv)
Armour fits poorly on your strangely shaped body.
Your system is resistant to poisons. (rPois)
You cover ground very slowly.
You can spit poison.
You have a snake-like lower body.


Message History

The wight is moderately damaged.
Your foxfire dissipates! 0; Orb of destruction; 0 x2; ; 0; Flame wave; 0 x2; ; 0; Poisonous vapours; 0 x2 ; 0; Irradiate; 0 x2; ; 0; Ignition; 0 x2; ; 0; Fireball; 0 x2; ; 0 Fire storm uncastable; 0 x2; ; 0; Shock; 0 x2; ; 0; Lee's rapid deconstruction 0 x2; ; 0; Airstrike; 0 x2; ; 0; Stone arrow; 0 x2; ; 0; Bombard; 0 x2; ; 0 Starburst; 0 x2; ; 88.513784766808; Foxfire; 0 x2; ; 104.93014296739; Scorch; 0 x2
Flames lash the wight.
The wight is almost destroyed.
The wight's fire resistance burns away.
The wight hits you with a +0 scimitar!
* * * LOW HITPOINT WARNING * * *
Okay, then.
Unknown command. 0; Orb of destruction; 0 x2; ; 0; Flame wave; 0 x2; ; 0; Poisonous vapours; 0 x2 ; 0; Irradiate; 0 x2; ; 0; Ignition; 0 x2; ; 0; Fireball; 0 x2; ; 0 Fire storm uncastable; 0 x2; ; 0; Shock; 0 x2; ; 0; Lee's rapid deconstruction 0 x2; ; 0; Airstrike; 0 x2; ; 0; Stone arrow; 0 x2; ; 0; Bombard; 0 x2; ; 0 Starburst; 0 x2; ; 171.63614909294; Scorch; 0 x2; ; 206.82142519042; Foxfire; 0 x2
You are too injured to fight recklessly!
Unknown command.
Casting: Scorch (safe; 2% risk of failure)
Confirm with . or Enter, or press ? or * to list all spells.
Casting: Flame Wave (dangerous; 16% risk of failure)
Press: ? - help, Dir - look around, f - activate A wave of flame ripples out!
The flame wave engulfs the wight!
The wight is burned terribly!
You destroy the wight! (Press . to intensify the flame waves.)
You hear a shout!
Without enough magic to sustain them, the waves of flame dissipate.
The wight hits you with a +4 flail of freezing!
* * * LOW HITPOINT WARNING * * *
The wight freezes you.
* * * LOW HITPOINT WARNING * * *
Okay, then.
You feel better.
The wight hits you with a +4 flail of freezing!
You die...

###.##
#..<#
##.###
##..#
##..##
#..##
##.##
#..#
##@##
#.z#
#..)z#
######


You could see a wight.

Vanquished Creatures
  A kobold brigand (D:7)
  2 bullfrogs (Sewer)
  2 scorpions
  2 wights (D:6)
  A bombardier beetle (D:3)
  2 hounds (D:4)
  2 jellies (D:5)
  An orc priest (D:4)
  An iguana (D:5)
  8 gnolls
  6 adders
  A river rat (Sewer)
  A white imp (D:5)
  A dart slug (D:4)
  A ribbon worm (D:3)
  12 orcs
  9 endoplasms
  2 giant cockroaches (D:3)
  5 hobgoblins
  4 jackals (D:3)
  4 quokkas
  16 ball pythons
  6 bats
  7 frilled lizards
  9 goblins
  7 kobolds
  24 rats
137 creatures vanquished.

Vanquished Creatures (collateral kills)
  3 foxfires
3 creatures vanquished.

Vanquished Creatures (others)
  343 foxfires
343 creatures vanquished.

Grand Total: 483 creatures vanquished

Notes
Turn   | Place    | Note
-------+----------+-------------------------------------------
     0 | D:1      | Berder the Naga Fire Elementalist began the quest for the
                  | Orb.
     0 | D:1      | Reached XP level 1. HP: 15/15 MP: 3/3
   326 | D:1      | Reached XP level 2. HP: 22/22 MP: 5/5
   497 | D:1      | Found a faded altar of an unknown god.
   537 | D:1      | Learned a level 2 spell: Scorch
   803 | D:1      | Reached XP level 3. HP: 28/28 MP: 2/6
  1909 | D:2      | Reached XP level 4. HP: 36/36 MP: 5/7
  2422 | D:3      | Found a glowing drain.
  2448 | Sewer    | Entered a sewer
  2478 | Sewer    | Reached XP level 5. HP: 42/42 MP: 3/8
  2852 | Sewer    | Reached XP level 6. HP: 48/49 MP: 4/10
  3446 | D:4      | Found a basalt altar of Yredelemnul.
  3550 | D:4      | Found a staircase to the Ecumenical Temple.
  3605 | Temple   | Entered the Ecumenical Temple
  3738 | D:4      | Found a large runed translucent door.
  3799 | D:4      | Found a large runed translucent door.
  3801 | D:4      | Noticed senf's ghost (amateur DsGl)
  3920 | D:4      | Found an iron altar of Okawaru.
  4132 | D:4      | Found a burning altar of Makhleb.
  4192 | D:4      | Noticed an orc warrior
  4204 | D:4      | Reached XP level 7. HP: 43/55 MP: 6/12
  4368 | D:5      | Entered Level 5 of the Dungeon
  4524 | D:5      | Reached skill level 5 in Conjurations
  4524 | D:5      | Reached skill level 5 in Fire Magic
  4576 | D:5      | Found a blossoming altar of Fedhas.
  5162 | D:5      | Learned a level 4 spell: Flame Wave
  5428 | D:6      | Reached XP level 8. HP: 34/62 MP: 5/14
  5431 | D:6      | HP: 2/62 [wight/+4 flail of freezing (2)]
  5432 | D:6      | Slain by a wight

Illustrated notes

Levels and vault maps discovered:
D:1:      elethiomel_arrival_maze, layout_rooms,
          hellmonk_ecumenical_altar_pennies_from_heaven
D:2:      layout_loops_ring, amethyst_killhole, serial_bayou_lake_a
D:3:      layout_loops_ring, cheibrodos_sewer_entry_drain
D:4:      layout_basic, old_standard_altar, amcnicky_altar_gilded,
          okawaru_metal_pillars_1_2, minmay_temple_entry_large_hall,
          ebering_ghost_disaster_area, kennysheep_generic_room_11
D:5:      layout_gridville, fedhas_ov_isle_minmay
D:6:      layout_rooms, good_gods_mini_temple
D:7:      layout_gridville, cheibrodos_worm_habitat,
          nicolae_overflow_hidden_temple,
          mainiacjoe_overflow_concentric_impassable, serial_shops,
          shop_fountains, nicolae_shop_just_a_little_nook, moated_statue,
          minmay_gold_behind_fungi, uniq_pikel, uniq_maurice
Temple:   hellmonk_temple_beads

Skill      XL: |  1  2  3  4  5  6  7 |
---------------+----------------------+-----
Conjurations   | 2 3 4 5 |  5.7
Fire Magic     | 4 5 |  5.7
Spellcasting   | 3 4 |  4.4
Dodging        | |  1.7
Stealth        | |  3.3

Action                     |  1- 3 |  4- 6 |  7- 9 || total
---------------------------+-------+-------+-------++-------
  Melee: Unarmed           |     3 |       |       ||     3
         Falchion          |     4 |    19 |       ||    23
   Fire: Sling             |       |    17 |       ||    17
   Cast: Foxfire           |    40 |   107 |    51 ||   198
         Scorch            |     6 |     8 |    10 ||    24
         Flame Wave        |       |       |     1 ||     1
Ability: Spit Poison       |    18 |     8 |     1 ||    27
    Use: Potion            |       |     2 |     1 ||     3
         Scroll            |       |     2 |     3 ||     5
 Armour: Robe              |    14 |    34 |    19 ||    67
  Dodge: Dodged            |     7 |    31 |     8 ||    46

Table legend: (Time is in decaauts)
 A = Elapsed time spent in this place.
 B = Non-inter-level travel time spent in this place.
 C = Inter-level travel time spent in this place.
 D = Time resting spent in this place.
 E = Time spent auto-exploring this place.
 F = Levels seen in this place.
 G = Mean time per level.
                   A        B        C        D        E       F      G
               +--------+--------+--------+--------+--------+-----+--------+
         Total |   6683 |   6384 |    299 |   1426 |   3280 |   9 |  742.6 |
       Dungeon |   6078 |   5779 |    299 |   1205 |   3143 |   7 |  868.3 |
        Temple |      1 |      1 |      0 |      0 |      0 |   1 |    1.0 |
         Sewer |    603 |    603 |      0 |    221 |    136 |   1 |  603.0 |
               +--------+--------+--------+--------+--------+-----+--------+

Top non-repeatable levels by time:
     D:2: 1397 daAuts
     D:1: 1262 daAuts
     D:5: 1107 daAuts
     D:4: 1100 daAuts
     D:3: 1041 daAuts
   Sewer: 603 daAuts
     D:7: 103 daAuts
     D:6: 66 daAuts
  Temple: 1 daAuts
